 Dungeon Crawl Stone Soup version 0.28.0 (webtiles) character file.

Game seed: 8148446806955797135

56254 mkm the Severer (level 14, -9/138 HPs)
             Began as a Minotaur Berserker on Feb 9, 2022.
             Was an Elder of Trog.
             Killed from afar by a fire dragon (45 damage)
             ... with a blast of flame
             ... on level 6 of the Lair of Beasts.
             The game lasted 00:49:35 (15383 turns).

mkm the Severer (Minotaur Berserker)               Turns: 15383, Time: 00:49:36

Health: -9/138     AC: 25    Str: 39    XL:     14   Next: 41%
Magic:  13/13      EV: 12    Int:  9    God:    Trog [****..]
Gold:   1181       SH:  0    Dex: 14    Spells: 13/13 levels left

rFire   . . .      SeeInvis .   A - +1 war axe of the Morning {drain, Str+4 Int+5}
rCold   . . .      Faith    .   (no shield)
rNeg    . . .      Spirit   .   Q - +3 plate armour
rPois   .          Reflect  .   (helmet restricted)
rElec   .          Harm     .   I - +0 cloak
rCorr   .          Rampage  .   u - +0 pair of gloves
Will    +....                   T - +0 pair of boots
Stlth   ..........              f - amulet of regeneration
HPRegen 1.13/turn               q - +6 ring of strength
MPRegen 0.13/turn               R - +6 ring of strength

@: lethally poisoned (-9 -> -43), about to teleport
A: horns 2, retaliatory headbutt
a: Renounce Religion, Berserk, Trog's Hand, Brothers in Arms


You were on level 6 of the Lair of Beasts.
You worshipped Trog.
Trog was greatly pleased with you.
You visited 2 branches of the dungeon, and saw 19 of its levels.
You also visited: Ossuary.

You collected 1181 gold pieces.

Inventory:

Hand Weapons
 a - a +0 mace
 w - a +3 hand axe
 y - a +1 battleaxe of flaming
 A - the +1 war axe of the Morning (weapon) {drain, Str+4 Int+5}
   (You found it on level 5 of the Dungeon)

   A truly terrible weapon, it drains the life of any living foe it strikes.
   Str:       It affects your strength (+4).
   Int:       It affects your intelligence (+5).
Armour
 h - a scarf of resistance
 u - a +0 pair of gloves (worn)
 H - +0 acid dragon scales
 I - a +0 cloak (worn)
 Q - a +3 plate armour (worn)
 T - a +0 pair of boots (worn)
Jewellery
 f - an amulet of regeneration (around neck)
 q - a +6 ring of strength (left hand)
 N - a ring of flight
 O - a ring of protection from cold
 R - a +6 ring of strength (right hand)
 U - a ring of poison resistance
Wands
 n - a wand of digging (6)
 t - a wand of flame (75)
 F - a wand of polymorph (21)
 G - a wand of paralysis (5)
 M - a wand of charming (1)
 S - a wand of acid (11)
Scrolls
 c - a scroll of blinking {unknown}
 j - 2 scrolls of summoning
 o - 3 scrolls of silence
 r - 5 scrolls of fear
 s - 4 scrolls of teleportation
 v - 3 scrolls of magic mapping
 x - 2 scrolls of holy word
 C - 4 scrolls of enchant armour
 K - 3 scrolls of fog
 L - a scroll of amnesia {unknown}
 P - 2 scrolls of brand weapon {unknown}
Potions
 b - 2 potions of heal wounds
 d - 2 potions of brilliance
 e - 3 potions of magic
 g - 3 potions of haste
 i - 9 potions of curing
 k - 2 potions of mutation
 l - 2 potions of cancellation
 m - 5 potions of lignification
 p - 4 potions of flight
 z - a potion of ambrosia
 B - 2 potions of might
 V - 2 potions of resistance
Miscellaneous
 E - a box of beasts
 J - a tin of tremorstones (2/2)


   Skills:
 + Level 16.6 Fighting
 + Level 19.0(19.2) Axes
 - Level 3.6(13.0) Maces & Flails
 + Level 15.8 Armour
 + Level 6.2 Dodging
 + Level 0.1 Evocations


You had 13 spell levels left.
You didn't know any spells.
Your spell library was empty.

Dungeon Overview and Level Annotations

Branches:
Dungeon (13/15)            Temple (0/1) D:4            Lair (6/6) D:8
  Swamp (0/4) Lair:2        Snake (0/4) Lair:3        Slime (0/5) Lair:6
    Orc (0/2) D:10        Ossuary (visited)
 Vaults: D:13-14

Altars:
Cheibriados
Elyvilon
Hepliaklqana
Kikubaaqudgha
Makhleb
Nemelex Xobeh
Qazlal
Wu Jian
Xom
Yredelemnul
Jiyva

Shops:
D:2 =   D:7 (*   D:12 *


Innate Abilities, Weirdness & Mutations

You have a pair of horns on your head.
You reflexively headbutt those who attack you in melee.


Message History

Okay, then.
You feel extremely sick.
You hit the fire dragon.
The fire dragon is severely wounded.
You barely miss the swamp dragon.
You feel very sick. The fire dragon barely misses you.
The fire dragon misses you.
The fire dragon tramples you but does no damage.
The swamp dragon breathes poison at you.
The blast of poison engulfs you!
You are more poisoned.
Why would you want to do that? Why would you want to do that?
Unknown command.
Why would you want to do that?
As you read the scroll of teleportation, it crumbles to dust.
You feel strangely unstable.
You are engulfed in poison gas.
You are more poisoned.
You feel extremely sick.
The fire dragon bites you but does no damage.
The fire dragon claws you but does no damage.
The fire dragon misses you.
The swamp dragon bites you but does no damage.
The swamp dragon claws you but does no damage.
The swamp dragon tramples you but does no damage.
You feel much better.
You are engulfed in poison gas.
You are more poisoned.
You feel extremely sick. The fire dragon breathes flames at you.
The blast of flame hits you!!
* * * LOW HITPOINT WARNING * * *
The swamp dragon breathes poison at you.
The blast of poison misses you.
You feel much better.
You are engulfed in poison gas.
You are more poisoned.
* * * LOW HITPOINT WARNING * * *
You feel extremely sick. The fire dragon breathes flames at you.
The blast of flame hits you!!!
You die...

...≈≈♣♣ ♣♣.†≈...♣♣♣
##P.P....PP. ♣≈≈≈♣♣
♣♣P≈≈≈≈..♣♣ ###.....PP#
°≈.♣♣
♣♣♣≈.♣≈..♣♣##.P.....PP#
D≈♣♣ $
♣♣♣♣♣♣≈≈≈.♣#...........
°○♣
.$♣.♣♣♣♣♣≈≈≈♣#..........#
○○D≈...
≈..≈≈.♣.♣≈≈≈♣##.........#
○P.≈≈≈≈
≈.≈≈≈....≈≈.♣#...........
♣=.≈≈≈≈
≈≈≈.≈≈.°°○†.♣#≈≈.........
♣♣..≈≈.
≈≈≈≈≈≈≈D@°..♣#≈≈.........
♣♣.≈♣
.≈≈≈≈≈≈D○○.♣♣#≈≈.........
..♣ ♣..≈≈.≈.[♣♣♣
#........... ♣♣
♣♣♣♣♣♣♣♣♣♣ #...P.####..
######.# #P# ### ###


You could see a fire dragon (catching breath, drained) and a swamp dragon
(catching breath, drained).

Vanquished Creatures
  Gastronok (Lair:3)
  Snorg (D:10)
  A fire dragon (D:12)
  Erolcha (D:10)
  3 boulder beetles
  Erica (Lair:2)
  3 two-headed ogres
  8 death yaks (Lair:6)
  A shock serpent (shapeshifter) (D:13)
  Nergalle (D:10)
  2 lindwurms (Lair:5)
  A deep elf pyromancer (D:13)
  3 ugly things
  A cyclops (D:11)
  A manticore (D:12)
  3 black mambas
  9 elephants (Lair:6)
  A gargoyle (D:12)
  A torpor snail (Lair:4)
  11 cane toads
  3 rime drakes
  6 komodo dragons
  3 kobold demonologists
  A troll (D:12)
  A polar bear (Lair:3)
  A hornet (shapeshifter) (D:13)
  Prince Ribbit (D:6)
  11 blink frogs
  2 wraiths
  2 wyverns
  41 yaks
  4 basilisks (Lair:6)
  Grum (D:9)
  A steam dragon (D:8)
  5 vampire mosquitoes (D:12)
  4 nagas (Lair:3)
  Edmund (D:4)
  3 acid dragons
  12 water moccasins
  3 swamp drakes (Lair:6)
  A sky beast (D:6)
  4 orc warriors
  2 necrophages (D:4)
  A black bear (Lair:1)
  A hornet zombie (D:8)
  2 ogres
  4 wolves (D:9)
  7 centaurs
  9 bullfrogs
  A kobold brigand (D:8)
  3 elf zombies (Ossuary)
  3 gnoll sergeants (D:10)
  A wyvern zombie (D:8)
  5 scorpions
  A water moccasin skeleton (D:4)
  11 killer bees
  16 wights
  11 howler monkeys
  5 human zombies
  3 centaur zombies
  4 hounds
  3 orc priests
  2 gnoll shamans
  10 iguanas
  13 orc wizards
  3 hound zombies (D:4)
  8 mummies
  A hound skeleton (D:4)
  Robin (D:3)
  21 gnolls
  2 howler monkey zombies
  A howler monkey skeleton (D:4)
  10 adders
  A shadow imp (D:6)
  2 adder zombies (Ossuary)
  An adder skeleton (D:4)
  2 worms (D:2)
  2 dart slugs
  33 orcs
  3 bats
  2 bat zombies (D:6)
  4 endoplasms
  A giant cockroach (D:3)
  12 goblins
  8 hobgoblins
  4 jackals
  4 quokkas
  7 ball pythons
  3 frilled lizards
  A goblin zombie (Ossuary)
  5 hobgoblin zombies (Ossuary)
  2 jackal zombies (Ossuary)
  12 kobolds
  5 kobold zombies (Ossuary)
  2 orc zombies (Ossuary)
  5 quokka zombies (Ossuary)
  2 rats
  6 rat zombies
  2 butterflies (D:4)
461 creatures vanquished.

Vanquished Creatures (collateral kills)
  8 hydras
  An ugly thing (D:7)
  3 elephants (Lair:6)
  Psyche (D:8)
  2 cane toads
  A komodo dragon (Lair:6)
  3 blink frogs (Lair:6)
  8 yaks
  2 vampire mosquitoes (D:12)
  2 water moccasins
  3 wolves (Lair:2)
  An iguana (Lair:2)
35 creatures vanquished.

Vanquished Creatures (others)
  A steam dragon (Lair:6)
  12 fungi
  31 plants
44 creatures vanquished.

Grand Total: 540 creatures vanquished

Notes
Turn   | Place    | Note
-------+----------+-------------------------------------------
     0 | D:1      | mkm the Minotaur Berserker began the quest for the Orb.
     0 | D:1      | Reached XP level 1. HP: 19/19 MP: 0/0
   188 | D:1      | Found a faded altar of an unknown god.
   245 | D:1      | Reached XP level 2. HP: 13/27 MP: 1/1
   938 | D:2      | Found Xiysoer's Jewellery Emporium.
  1019 | D:2      | Found a stormy altar of Qazlal.
  1048 | D:2      | Reached XP level 3. HP: 34/34 MP: 2/2
  1240 | D:2      | Reached ** piety under Trog
  1317 | D:2      | Reached skill level 5 in Fighting
  1638 | D:2      | Reached XP level 4. HP: 42/42 MP: 3/3
  1677 | D:3      | Found a hazy altar of Hepliaklqana.
  1696 | D:3      | Reached skill level 1 in Axes
  1699 | D:3      | Noticed Robin
  1709 | D:3      | Killed Robin
  1710 | D:3      | Reached XP level 5. HP: 42/50 MP: 4/4
  1883 | D:3      | Found a burning altar of Makhleb.
  2412 | D:3      | Found a snail-covered altar of Cheibriados.
  2476 | D:4      | Reached skill level 2 in Axes
  2499 | D:4      | Reached XP level 6. HP: 57/57 MP: 5/5
  2540 | D:4      | Found a staircase to the Ecumenical Temple.
  2542 | D:4      | Noticed Edmund
  2555 | D:4      | Killed Edmund
  2556 | D:4      | Reached skill level 3 in Axes
  2657 | D:4      | Found a sand-covered staircase.
  2667 | Ossuary  | Entered an ossuary
  2710 | Ossuary  | Reached XP level 7. HP: 60/64 MP: 6/6
  2719 | Ossuary  | Reached skill level 4 in Axes
  2736 | Ossuary  | Reached *** piety under Trog
  2959 | Ossuary  | Reached skill level 5 in Armour
  2975 | Ossuary  | Reached skill level 5 in Axes
  3046 | Ossuary  | Reached skill level 6 in Axes
  3190 | D:4      | Reached XP level 8. HP: 73/73 MP: 7/7
  3302 | D:4      | Reached skill level 7 in Axes
  3517 | D:4      | Reached **** piety under Trog
  3528 | D:4      | Found a basalt altar of Yredelemnul.
  3581 | D:4      | Reached skill level 8 in Axes
  3684 | D:5      | Entered Level 5 of the Dungeon
  4035 | D:5      | Reached XP level 9. HP: 80/81 MP: 8/8
  4053 | D:5      | Identified the +1 war axe of the Morning {drain, Str+4
                  | Int+5}
  4128 | D:5      | Reached skill level 9 in Axes
  4277 | D:6      | Noticed Prince Ribbit
  4284 | D:6      | Killed Prince Ribbit
  4451 | D:6      | Reached skill level 10 in Axes
  4530 | D:6      | Reached ***** piety under Trog
  4532 | D:6      | Identified the +2 robe of Zazeinki {rF- rC++ Int+6}
  4698 | D:6      | Found an ancient bone altar of Kikubaaqudgha.
  4834 | D:7      | Found Vustaerph's Antique Weapon Boutique.
  4841 | D:7      | Received a gift from Trog
  4861 | D:7      | Reached skill level 11 in Axes
  4961 | D:7      | Found an ornate altar of the Wu Jian Council.
  5001 | D:7      | Noticed a green ugly thing
  5008 | D:7      | Killed a green ugly thing
  5124 | D:7      | Found Fihuniak's Serpentskin Sales.
  5160 | D:7      | You fall into a shaft and drop 1 floor!
  5169 | D:8      | Noticed Psyche
  5177 | D:8      | Killed Psyche
  5178 | D:8      | Reached XP level 10. HP: 91/91 MP: 9/9
  5249 | D:8      | Reached skill level 5 in Dodging
  5273 | D:7      | Reached skill level 12 in Axes
  5942 | D:8      | Found a staircase to the Lair.
  6265 | D:9      | Found a white marble altar of Elyvilon.
  6368 | D:9      | Noticed a purple ugly thing
  6380 | D:9      | Killed a purple ugly thing
  6381 | D:9      | Reached skill level 13 in Axes
  6475 | D:9      | Reached skill level 10 in Fighting
  6681 | D:9      | Noticed Grum
  6698 | D:9      | Killed Grum
  6794 | Lair:1   | Entered Level 1 of the Lair of Beasts
  6849 | Lair:1   | Reached skill level 10 in Armour
  6861 | Lair:1   | Noticed a cane toad
  6866 | Lair:1   | Killed a cane toad
  6867 | Lair:1   | Reached XP level 11. HP: 69/101 MP: 10/10
  6941 | Lair:1   | Reached skill level 14 in Axes
  7725 | Lair:2   | Noticed an eight-headed hydra
  7732 | Lair:2   | Killed a nine-headed hydra
  7770 | Lair:2   | Noticed a five-headed hydra
  7772 | Lair:2   | Found a staircase to the Swamp.
  7779 | Lair:2   | Killed a five-headed hydra
  7790 | Lair:2   | Reached skill level 15 in Axes
  7970 | Lair:2   | Noticed Erica
  7983 | Lair:2   | Killed Erica
  8250 | Lair:3   | Found a staircase to the Snake Pit.
  8548 | Lair:3   | Noticed Gastronok
  8565 | Lair:3   | Reached XP level 12. HP: 106/112 MP: 11/11
  8579 | Lair:3   | Killed Gastronok
  8580 | Lair:3   | Reached skill level 16 in Axes
  9851 | Lair:5   | Noticed a seven-headed hydra
  9869 | Lair:5   | Killed an eight-headed hydra
  9871 | Lair:5   | Reached skill level 17 in Axes
  9887 | Lair:5   | Noticed a six-headed hydra
  9892 | Lair:5   | Killed a six-headed hydra
 10001 | Lair:5   | Noticed a five-headed hydra
 10013 | Lair:5   | Killed a five-headed hydra
 10750 | Lair:6   | Entered Level 6 of the Lair of Beasts
 10759 | Lair:6   | Noticed a five-headed hydra
 10768 | Lair:6   | Killed a five-headed hydra
 10769 | Lair:6   | Reached XP level 13. HP: 120/124 MP: 12/12
 11071 | Lair:6   | Reached skill level 15 in Fighting
 11172 | Lair:6   | Reached skill level 18 in Axes
 11424 | Lair:6   | Found a viscous altar of Jiyva.
 11424 | Lair:6   | Found a staircase to the Slime Pits.
 11694 | Lair:6   | Noticed a fire dragon
 11927 | D:10     | Entered Level 10 of the Dungeon
 12000 | D:10     | Noticed Snorg
 12018 | D:10     | Killed Snorg
 12213 | D:10     | Noticed Erolcha
 12235 | D:10     | Killed Erolcha
 12416 | D:10     | Reached XP level 14. HP: 137/137 MP: 13/13
 12492 | D:10     | Found a staircase to the Orcish Mines.
 12710 | D:10     | Reached skill level 15 in Armour
 12956 | D:10     | Found a shimmering altar of Xom.
 12956 | D:10     | Found a stormy altar of Qazlal.
 12956 | D:10     | Found a sparkling altar of Nemelex Xobeh.
 12957 | D:10     | Noticed Nergalle
 12971 | D:10     | Killed Nergalle
 13982 | D:12     | Found Heifawac's Assorted Antiques.
 14437 | D:13     | Reached skill level 19 in Axes
 15383 | Lair:6   | Killed from afar by a fire dragon

Illustrated notes

Levels and vault maps discovered:
D:1:      psy_arrival_fountain, layout_basic, hellmonk_ecumenical_altar_blasted
D:2:      layout_loops_ring, basic_altar, serial_shops, shop, minmay_box_of_dots
D:3:      layout_loops_ring, nicolae_overflow_crystal_walls,
          amcnicky_altar_gilded, slow_altar_2, uniq_robin
D:4:      cheibrodos_barr_body, layout_rooms,
          lemuel_mausoleum_altar_yredelemnul, minmay_temple_entry_butterflies,
          gup_ossuary_entry_pyramid, uniq_edmund
D:5:      layout_basic, hangedman_decor_lopped
D:6:      layout_rooms, lemuel_zombie_altar_kikubaaqudgha, uniq_prince_ribbit1
D:7:      layout_rooms, nzn_wu_jian_contemplation, serial_shops, shop,
          grunt_decor_mini_mirrors, guppyfry_shop_venom
D:8:      nicolae_BIG_FREAKIN_CUBE, layout_basic, lair_entry_dummy, uniq_psyche
D:9:      layout_loops_cross, elyvilon_altar_5, uniq_grum
D:10:     layout_basic, gammafunk_temple_overflow_claw, orc_0_dummy,
          serial_glass, glass_columns_b, glass_columns_c, grunt_ministairs_15,
          uniq_snorg, uniq_nergalle, uniq_erolcha
D:11:     layout_roguey
D:12:     layout_basic, serial_shops, shop, minmay_strange_pillars
D:13:     layout_rooms
Lair:1:   layout_regular_city, nicolae_quartered_pool_impasse,
          grunt_megastairs_3
Lair:2:   layout_misc_corridors, minmay_swamp_entry_reptiles, uniq_erica
Lair:3:   layout_loops_ring, guppyfry_snake_entry_island, uniq_gastronok
Lair:4:   layout_regular_city
Lair:5:   layout_long_grid, nicolae_lair_lindhole, lemuel_fruit_tree,
          serial_bayou_shore_a, grunt_megastairs_4
Lair:6:   guppyfry_lair_end_dragon, layout_gridlike, slime_altar_1,
          grunt_megastairs_5, serial_bayou_shore_b

Skill      XL: |  1  2  3  4  5  6  7  8  9 10 11 12 13 14 |
---------------+-------------------------------------------+-----
Fighting       | 4 5 6 7 8 9 10 12 14 16 | 16.6
Armour         | 3 4 5 6 8 10 11 13 14 15 | 15.8
Dodging        | 3 4 5 6 |  6.2
Axes           | 1 2 3 6 8 11 13 15 17 18 19 | 19.0
Maces & Flails | |  3.6
Evocations     | |  0.1

Action                   |  1- 3 |  4- 6 |  7- 9 | 10-12 | 13-15 || total
-------------------------+-------+-------+-------+-------+-------++-------
Melee: Mace              |    66 |       |       |       |       ||    66
       Headbutt          |    13 |    17 |    84 |    91 |    86 ||   291
       Hand axe          |     7 |    97 |   301 |       |       ||   405
       Punch             |     1 |       |     8 |     9 |    11 ||    29
       War axe           |       |       |    96 |   370 |   349 ||   815
Invok: Trog's Hand       |       |     5 |     1 |     1 |       ||     7
       Berserk           |       |     1 |       |     1 |     1 ||     3
       Brothers in Arms  |       |       |     2 |     7 |     6 ||    15
Evoke: Wand              |       |       |       |       |     2 ||     2
  Use: Scroll            |     1 |     3 |     5 |     9 |     7 ||    25
       Potion            |       |       |       |     1 |     3 ||     4
 Stab: Confused          |       |       |       |       |     1 ||     1
       Distracted        |       |       |       |       |     1 ||     1
Armor: Leather armour    |    17 |     6 |       |       |       ||    23
       Animal skin       |     2 |       |       |       |       ||     2
       Chain mail        |       |    52 |   155 |     2 |       ||   209
       Plate armour      |       |       |       |   200 |   224 ||   424
Dodge: Dodged            |    41 |    84 |   165 |   193 |   213 ||   696
